 Dungeon Crawl Stone Soup version 0.24-a0-736-g4e6fe308c7 (webtiles) character file.

Game seed: 16317121310577478471, levelgen mode: deterministic

42 Kiporshnikov the Skirmisher (level 3, -2/40 HPs)
             Began as an Ogre Berserker on Oct 2, 2019.
             Was a Follower of Trog.
             Slain by a gnoll
             ... wielding a +0 spear
              (6 damage)
             ... on level 2 of the Dungeon.
             The game lasted 00:03:02 (1304 turns).

Kiporshnikov the Skirmisher (Ogre Berserker)        Turns: 1304, Time: 00:03:03

Health: -2/40      AC:  3    Str: 22    XL:     3   Next: 54%
Magic:  3/3        EV:  7    Int:  8    God:    Trog [*.....]
Gold:   37         SH:  7    Dex:  8    Spells: 2/2 levels left

rFire    . . .     SeeInvis .   a - +0 falchion
rCold    . . .     Gourm    .   g - +0 shield (curse)
rNeg     . . .     Faith    .   b - +0 animal skin
rPois    .         Spirit   .   (helmet restricted)
rElec    .         Reflect  .   (no cloak)
rCorr    .         Harm     .   (gloves unavailable)
MR       .....                  (boots unavailable)
Stlth    +.........             (no amulet)
HPRegen  0.13/turn              (no ring)
MPRegen  0.08/turn              (no ring)

@: no status effects
A: large, unfitting armour, tough skin 1
a: Berserk, Renounce Religion


You were on level 2 of the Dungeon.
You worshipped Trog.
Trog was aware of your devotion.
You were not hungry.

You visited 1 branch of the dungeon, and saw 2 of its levels.

You collected 37 gold pieces.

Inventory:

Hand Weapons
 a - a +0 falchion (weapon)
Armour
 b - a +0 animal skin (worn)
 g - a cursed +0 shield (worn)
Scrolls
 f - 2 scrolls of teleportation {unknown}
 h - 3 scrolls of identify {unknown}
Potions
 d - a potion of heal wounds {unknown}
 e - a potion of magic {unknown}
 i - 2 potions of flight {unknown}
 j - a potion of curing {unknown}
Comestibles
 c - 3 rations


   Skills:
 + Level 4.5 Fighting
 + Level 3.2 Long Blades
 + Level 3.2 Dodging
 + Level 0.1 Shields


You had 2 spell levels left.
You didn't know any spells.
Your spell library was empty.

Dungeon Overview and Level Annotations

Branches:
Dungeon (2/15)

Altars:
Vehumet


Innate Abilities, Weirdness & Mutations

You are too large for most types of armour.
You have tough skin. (AC +1)


Message History

You see here a +0 club.
The gnoll hits you with a +0 spear!
You slash the gnoll!
The gnoll is severely wounded.
You hit the gnoll.
The gnoll is lightly wounded.
The gnoll hits you from afar with a +0 spear!
Your shield prevents you from hitting the gnoll.
The gnoll is lightly wounded.
You block the gnoll's attack. x2; The gnoll barely misses you.
The gnoll closely misses you.
You riposte.
You barely miss the gnoll.
The gnoll is lightly wounded.
The gnoll hits you with a +0 spear.
* * * LOW HITPOINT WARNING * * *
You hit the gnoll but do no damage.
The gnoll is severely wounded.
The gnoll hits you with a +0 whip!
* * * LOW HITPOINT WARNING * * *
The gnoll hits you with a +0 spear.
You die...

#.#..#. .#.>.
..... .. ... # ##.
... # ...
..#####.###..#
#...#......g.....#
........###@####
.......$#.g....#
.....##.#.....##
.......()...#.#
#..##...(.....##
..###...#..##....#
........#........#
#...#.#†##....##..
#...#.....(..## .#


You could see 2 gnolls.

Vanquished Creatures
  A gnoll (D:2)
  An ooze (D:1)
  A dart slug (D:1)
  4 leopard geckos (D:1)
  A giant cockroach (D:1)
  3 goblins (D:1)
  A hobgoblin (D:1)
  3 kobolds
  6 bats
  2 rats (D:1)
23 creatures vanquished.

Vanquished Creatures (others)
  A goblin (D:2)
1 creature vanquished.

Grand Total: 24 creatures vanquished

Notes
Turn   | Place    | Note
-------+----------+-------------------------------------------
     0 | D:1      | Kiporshnikov the Ogre Berserker began the quest for the
                  | Orb.
     0 | D:1      | Reached XP level 1. HP: 24/24 MP: 1/1
   183 | D:1      | Reached XP level 2. HP: 29/32 MP: 2/2
   421 | D:1      | Reached XP level 3. HP: 39/40 MP: 3/3
  1098 | D:2      | Found a radiant altar of Vehumet.
  1304 | D:2      | Slain by a gnoll

Levels and vault maps discovered:
D:1:      dpeg_arrival_round_c, layout_basic, fountainhead, minmay_pentomino_p2
D:2:      layout_basic, lemuel_crystal_altar, elyvilon_altar_4

Skill      XL: |  1  2 |
---------------+-------+-----
Long Blades    | 3 |  3.2
Dodging        | 3 |  3.2
Fighting       | |  4.5
Shields        | |  0.1

Action                   || total
-------------------------++-------
Melee: Falchion          ||    75
  Eat: Ration            ||     1
Armor: Animal skin       ||    37
Dodge: Dodged            ||    35
Block: Shield            ||    34
       Rpst.: Falchion   ||    10

Table legend:
 A = Non-vault XP
 B = Vault XP
 C = Vault XP percentage of total XP
 D = Non-vault monster count
 E = Vault monster count
 F = Vault count percentage of total count
                 A         B        C        D         E       F
            +---------+---------+-------+---------+---------+-------
      Total |      59 |       1 |   1.7 |      22 |       1 |   4.3
            +---------+---------+-------+---------+---------+-------
        D:1 |      42 |       1 |   2.3 |      19 |       1 |   5.0
        D:2 |      17 |       0 |   0.0 |       3 |       0 |   0.0
            +---------+---------+-------+---------+---------+-------
